 Dungeon Crawl Stone Soup version 0.27-a0-1200-g94dc6ad4cf (webtiles) character file.

Game seed: 9766995173903943797

2456 Ijustatesigmund the Skirmisher (level 9, -17/72 HPs)
             Began as a Demonspawn Fighter on June 1, 2021.
             Was a Believer of Cheibriados.
             Demolished by a two-headed ogre
             ... wielding a +0 giant club
              (21 damage)
             ... on level 8 of the Dungeon.
             The game lasted 00:11:19 (8200 turns).

Ijustatesigmund the Skirmisher (Demonspawn Fighter) Turns: 8200, Time: 00:11:19

Health: -17/72     AC: 16    Str: 21    XL:     9   Next: 26%
Magic:  12/12      EV:  5    Int: 15    God:    Cheibriados [**....]
Gold:   1278       SH:  9    Dex: 18    Spells: 8/8 levels left

rFire    . . .     SeeInvis .   a - +2 war axe
rCold    + . .     Faith    .   c - +0 kite shield
rNeg     . . .     Spirit   .   b - +0 chain mail
rPois    +         Reflect  .   f - +0 helmet
rElec    .         Harm     .   (no cloak)
rCorr    .         Rampage  .   o - +1 pair of gloves
Will     .....                  j - +1 pair of boots
Stlth    ..........             (no amulet)
HPRegen  0.22/turn              n - ring of poison resistance
MPRegen  0.13/turn              q - ring of protection from cold

@: very slow
A: talons 2, demonic guardian 1, spiny 1
a: Renounce Religion, Bend Time


You were on level 8 of the Dungeon.
You worshipped Cheibriados.
Cheibriados was pleased with you.
You visited 2 branches of the dungeon, and saw 9 of its levels.

You collected 1278 gold pieces.

Inventory:

Hand Weapons
 a - a +2 war axe (weapon)
Missiles
 i - 6 javelins (quivered)
 l - a throwing net
 y - a curare-tipped dart
Armour
 b - a +0 chain mail (worn)
 c - a +0 kite shield (worn)
 f - a +0 helmet (worn)
 j - a +1 pair of boots (worn)
 o - a +1 pair of gloves (worn)
Jewellery
 d - a ring of ice
 n - a ring of poison resistance (left hand)
 q - a ring of protection from cold (right hand)
 z - a ring of fire
Wands
 k - a wand of iceblast (5)
 m - a wand of polymorph (6)
 v - a wand of flame (51)
Potions
 e - 3 potions of flight
 h - a potion of ambrosia
 p - a potion of brilliance
 r - 2 potions of curing
 s - a potion of magic {unknown}
 A - a potion of berserk rage {unknown}


   Skills:
 + Level 7.5 Fighting
 + Level 7.1 Axes
 + Level 6.3 Armour
 - Level 2.6 Shields
 + Level 4.4 Invocations


You had 8 spell levels left.
You didn't know any spells.
Your spell library contained the following spells:

 Spells                   Type           Power      Damage    Failure   Level
 Magic Dart               Conj           0%         1d3       100%        1
 Searing Ray              Conj           0%         3d3       100%        2
 Dazzling Flash           Conj/Hex       0%         N/A       100%        3
 Fulminant Prism          Conj/Hex       0%         3d6       100%        4
 Iskenderun's Mystic Bla  Conj/Tloc      0%         2d3       100%        4


Dungeon Overview and Level Annotations

Branches:
Dungeon (8/15)             Temple (1/1) D:5
   Lair: D:8-11

Altars:
Ashenzari
Cheibriados
Dithmenos
Elyvilon
Fedhas
Gozag
Hepliaklqana
Kikubaaqudgha
Makhleb
Nemelex Xobeh
Okawaru
Ru
Sif Muna
Trog
Uskayaw
Vehumet
Wu Jian
Xom
Yredelemnul
Zin
The Shining One

Shops:
D:3 :

Annotations:
D:7 1 runed translucent door, Harold


Innate Abilities, Weirdness & Mutations

You have razor-sharp toenails.
A weak demonic guardian rushes to your aid.
You are partially covered in sharp spines.


Message History

No target in view!
No target in view!
No target in view!
No target in view!
You start resting.
You are no longer corroded.
You climb downwards.
There is a stone staircase leading up here.
HP restored.
You see here a +0 ring mail.
There is a stone staircase leading up here.
There is a stone staircase leading down here.
Found a stone staircase leading up.
Found a trident.
Found an escape hatch in the ceiling.
Found a spear.
A two-headed ogre and a zombie come into view.
The two-headed ogre shouts in stereo!
You block the two-headed ogre's attack.
The two-headed ogre hits you with a +0 giant club!
You completely miss the two-headed ogre.
The two-headed ogre is struck by your spines.
The two-headed ogre hits you with a +0 giant club!!
The two-headed ogre hits you with a +0 giant club!
A demonic guardian appears!
You barely miss the two-headed ogre.
The two-headed ogre is lightly wounded.
The two-headed ogre is struck by your spines.
The two-headed ogre hits you with a +0 giant club!!
* * * LOW HITPOINT WARNING * * *
You block the two-headed ogre's attack.
You hit the two-headed ogre but do no damage.
The two-headed ogre is lightly wounded.
You block the two-headed ogre's attack.
The two-headed ogre hits you but does no damage.
You hit the two-headed ogre.
The two-headed ogre is moderately wounded.
The two-headed ogre is struck by your spines.
The two-headed ogre hits you with a +0 giant club!!
You die...

#. ..# #. ..# #.
..########## #.
#.#<.......# ###.###
#.########.# ### .....# #.#
#.# #.)
#.#.##.#.###.########.###[#
........ZO@5..........><...
#......#.###.########..#...
#.?##..#.# #.# #..#..# #
......# #.# #..#..#
)###.#.# #.# #..#..# ..
.<#.# #.# #..#..# # ##....
#.# #..#..# #.... #)#
#..#.(# #.. #..#


You could see a two-headed ogre (ally target), a wyvern zombie and a friendly
iron imp (summoned).

Vanquished Creatures
  2 orc warriors
  2 ice beasts
  A sky beast (D:6)
  A black bear (D:5)
  4 ogres
  2 phantoms
  A kobold brigand (D:6)
  4 scorpions (D:5)
  A wyvern skeleton (D:7)
  A water moccasin skeleton (D:5)
  2 wights (D:7)
  A howler monkey (D:5)
  A centaur zombie (D:6)
  A bullfrog zombie (D:6)
  4 jellies
  3 hounds
  2 centaur skeletons (D:7)
  2 orc priests (D:7)
  Ijyb (D:3)
  2 iguanas (D:4)
  Jessica (D:3)
  An orc wizard (D:6)
  A centaur simulacrum (D:6)
  A hound zombie (D:5)
  A hound skeleton (D:2)
  A killer bee simulacrum (D:6)
  3 gnolls (D:6)
  5 adders
  A shadow imp (D:6)
  5 white imps (D:6)
  An adder skeleton (D:5)
  A worm (D:2)
  The ghost of Sergey the Sneak, a weakling DDDe (D:6)
  4 dart slugs
  18 orcs
  2 ball pythons (D:4)
  8 endoplasms
  3 giant cockroaches
  5 goblins
  7 hobgoblins
  5 jackals
  4 quokkas
  7 bats
  5 frilled lizards
  11 kobolds
  5 rats
145 creatures vanquished.

Vanquished Creatures (collateral kills)
  2 wights (D:7)
  An adder (D:6)
  A worm (D:4)
  An endoplasm (D:4)
5 creatures vanquished.

Grand Total: 150 creatures vanquished

Notes
Turn   | Place    | Note
-------+----------+-------------------------------------------
     0 | D:1      | Ijustatesigmund the Demonspawn Fighter began the quest for
                  | the Orb.
     0 | D:1      | Reached XP level 1. HP: 18/18 MP: 1/1
    91 | D:1      | Gained mutation: You have sharp toenails. [demonic
                  | ancestry]
    91 | D:1      | Reached XP level 2. HP: 24/24 MP: 2/2
   827 | D:2      | Reached XP level 3. HP: 29/29 MP: 3/3
  1959 | D:3      | Noticed an ogre
  1962 | D:3      | Gained mutation: A weak demonic guardian rushes to your
                  | aid. [demonic ancestry]
  1962 | D:3      | Reached XP level 4. HP: 37/37 MP: 4/4
  1973 | D:3      | Killed an ogre
  1974 | D:3      | Reached XP level 5. HP: 18/42 MP: 5/5
  2172 | D:3      | Found Kejozxu's Book Boutique.
  2289 | D:3      | Noticed Jessica
  2293 | D:3      | Killed Jessica
  2438 | D:3      | Noticed Ijyb
  2873 | D:4      | Noticed an ogre
  2882 | D:4      | Killed an ogre
  2883 | D:4      | Reached XP level 6. HP: 7/49 MP: 6/6
  3252 | D:4      | Found a sparkling altar of Nemelex Xobeh.
  3276 | D:4      | Found a shadowy altar of Dithmenos.
  3277 | D:4      | Found a burning altar of Makhleb.
  3279 | D:4      | Found a blossoming altar of Fedhas.
  3845 | D:4      | Reached skill level 5 in Fighting
  4163 | D:3      | Killed Ijyb
  4164 | D:3      | Reached skill level 5 in Axes
  4223 | D:5      | Entered Level 5 of the Dungeon
  4233 | D:5      | Gained mutation: You are partially covered in sharp spines.
                  | [demonic ancestry]
  4233 | D:5      | Reached XP level 7. HP: 31/56 MP: 7/7
  4842 | D:5      | Found a staircase to the Ecumenical Temple.
  5019 | D:5      | Gained mutation: You have razor-sharp toenails. [demonic
                  | ancestry]
  5019 | D:5      | Reached XP level 8. HP: 62/64 MP: 8/8
  5112 | D:5      | Reached skill level 5 in Armour
  5847 | Temple   | Entered the Ecumenical Temple
  6017 | Temple   | Became a worshipper of Cheibriados the Contemplative
  6253 | D:6      | Reached skill level 1 in Invocations
  6616 | D:6      | Found a runed translucent gate.
  6616 | D:6      | Found a runed translucent gate.
  6616 | D:6      | Found a runed translucent gate.
  6622 | D:6      | Reached * piety under Cheibriados
  6656 | D:6      | Noticed Sergey's ghost (weakling DDDe)
  6662 | D:6      | Killed Sergey's ghost
  7058 | D:7      | Reached XP level 9. HP: 59/72 MP: 11/11
  7146 | D:7      | HP: 2/72 [orc warrior/+0 glaive (8)]
  7488 | D:7      | Reached ** piety under Cheibriados
  7728 | D:7      | Identified a scroll of acquirement
  7728 | D:7      | Acquired 950 gold pieces
  7821 | D:7      | Found a runed translucent gate.
  7840 | D:7      | Noticed Harold
  8193 | D:8      | Noticed a two-headed ogre
  8198 | D:8      | HP: 3/72 [two-headed ogre/+0 giant club (19)]
  8200 | D:8      | Demolished by a two-headed ogre

Illustrated notes

Levels and vault maps discovered:
D:1:      psy_arrival_radial01, layout_basic, minmay_pentomino_q2
D:2:      layout_loops_corners, chequers_mini_garden
D:3:      layout_loops_ring, serial_shops, shop, minmay_misc_feat_iff,
          uniq_jessica, uniq_ijyb
D:4:      layout_basic, minitemple, serial_bayou_pond_b,
          kennysheep_generic_room_12
D:5:      layout_basic, minmay_temple_entry_wispy, grunt_tough_drop
D:6:      layout_loops_ring, gammafunk_ghost_icy
D:7:      layout_basic, nicolae_qazlal_eye_of_the_storm,
          gammafunk_ghost_nasty_kobolds, uniq_harold
D:8:      layout_basic, hellmonk_ghost_happy_afterlife, grunt_ministairs_11
Temple:   minmay_crystal_spiral_temple

Skill      XL: |  1  2  3  4  5  6  7  8  9 |
---------------+----------------------------+-----
Axes           | 2 3 4 5 6 7 |  7.1
Fighting       | 4 5 6 7 |  7.5
Armour         | 3 4 6 |  6.3
Invocations    | 3 4 |  4.4
Shields        | |  2.6

Action                   |  1- 3 |  4- 6 |  7- 9 || total
-------------------------+-------+-------+-------++-------
Melee: War axe           |    85 |   143 |   222 ||   450
       Kick              |    16 |       |       ||    16
  Use: Scroll            |       |     5 |    13 ||    18
       Potion            |       |     1 |     4 ||     5
 Stab: Distracted        |       |     1 |       ||     1
Armor: Scale mail        |    16 |       |       ||    16
       Chain mail        |    39 |   101 |   118 ||   258
Dodge: Dodged            |    21 |    33 |    43 ||    97
Block: Kite shield       |    21 |    75 |   129 ||   225

Table legend: (Time is in decaauts)
 A = Elapsed time spent in this place.
 B = Non-inter-level travel time spent in this place.
 C = Inter-level travel time spent in this place.
 D = Time resting spent in this place.
 E = Time spent auto-exploring this place.
 F = Levels seen in this place.
 G = Mean time per level.
                   A        B        C        D        E       F      G
               +--------+--------+--------+--------+--------+-----+--------+
         Total |   8802 |   8417 |    385 |   1315 |   5848 |   9 |  978.0 |
       Dungeon |   8578 |   8290 |    288 |   1315 |   5722 |   8 | 1072.2 |
        Temple |    224 |    127 |     97 |      0 |    126 |   1 |  224.0 |
               +--------+--------+--------+--------+--------+-----+--------+

Top non-repeatable levels by time:
     D:5: 1687 daAuts
     D:4: 1293 daAuts
     D:6: 1203 daAuts
     D:2: 1160 daAuts
     D:3: 1055 daAuts
     D:7: 1019 daAuts
     D:1: 847 daAuts
     D:8: 311 daAuts
  Temple: 224 daAuts
